[Event "Titled Tuesday Blitz July 26 Early 2022"]
[White "Ibarra Jerez, Jose Carlos"]
[Black "Csonka, Balazs"]
[WhiteFideId "2226332"]
[BlackFideId "742910"]
[WhiteElo "2628"]
[BlackElo "2404"]
[Result "1-0"]
[Round "10"]
[TimeControl "180+1"]
[Date "2022.07.26"]
[WhiteClock "0:01:17"]
[BlackClock "0:00:05"]

1. e4 c6 2. Nf3 d5 3. d3 dxe4 4. dxe4 Qxd1+ 5. Kxd1 Bg4 6. Be2 Bxf3 7. Bxf3 Nd7 8. Be2 Ngf6 9. f3 h5 10. h4 g6 11. c3 Bh6 12. Bd2 e5 13. Kc2 Ke7 14. Be1 Rhd8 15. Nd2 Ne8 16. Nc4 Nd6 17. Nxd6 Kxd6 18. a4 a5 19. Bf2 Kc7 20. Bc4 Nb6 21. Bd3 Rd6 22. Bc5 Rd7 23. Rhd1 Rad8 24. b3 Nc8 25. Bf2 Ne7 26. Be1 Nc8 27. c4 b6 28. c5 Bf8 29. cxb6+ Kxb6 30. Bc3 f6 31. Bc4 Rxd1 32. Rxd1 Rxd1 33. Kxd1 Bb4 34. Bb2 Nd6 35. Bg8 Nc8 36. Bf7 Ne7 37. Ke2 Kc7 38. g4 Kd7 39. gxh5 gxh5 40. Bxh5 Ke6 41. Bg4+ Kf7 42. h5 Kg7 43. Bc1 Ng8 44. Be6 Nh6 45. Be3 Nf7 46. Bxf7 Kxf7 47. Kd3 1-0


[Site "https://www.chess.com"]

[Event "Titled Tuesday Blitz July 26 Early 2022"]
[White "Jarmula, Lukasz"]
[Black "Pakleza, Zbigniew"]
[WhiteFideId "1160664"]
[BlackFideId "1119290"]
[WhiteElo "2246"]
[BlackElo "2467"]
[Result "1-0"]
[Round "10"]
[TimeControl "180+1"]
[Date "2022.07.26"]
[WhiteClock "0:00:14"]
[BlackClock "0:00:02"]

1. e4 d6 2. d4 Nf6 3. Nc3 c6 4. Nf3 Bg4 5. h3 Bh5 6. g4 Bg6 7. Qe2 e6 8. h4 h5 9. g5 Nfd7 10. Bh3 Be7 11. Be3 d5 12. Nd2 b5 13. a3 O-O 14. f4 dxe4 15. Ndxe4 Nb6 16. Ng3 Nc4 17. O-O Nd7 18. Bf2 Nxb2 19. Nxh5 Qa5 20. Ne4 Qa4 21. Nhg3 Qc4 22. Qd2 Rfe8 23. Rfe1 Rad8 24. Bf1 Qa4 25. h5 Bxe4 26. Nxe4 Nc4 27. Qd3 Nc5 28. Nxc5 Bxc5 29. c3 Bd6 30. g6 f5 31. Bg2 Qa6 32. Qf3 Rc8 33. Re2 c5 34. Rae1 Bf8 35. d5 Nd6 36. Rxe6 Qxa3 37. Qh3 Rxe6 38. dxe6 Be7 39. h6 Bf6 40. hxg7 Bxg7 41. Qh7+ Kf8 42. e7+ Ke8 43. Qxg7 Qxc3 44. Qxc3 1-0


[Site "https://www.chess.com"]

[Event "Titled Tuesday Blitz July 26 Early 2022"]
[White "Jeet, Jain"]
[Black "Avazkhonov, Alikhon"]
[WhiteFideId "5073022"]
[BlackFideId "14208504"]
[WhiteElo "2055"]
[BlackElo "1739"]
[Result "1-0"]
[Round "10"]
[TimeControl "180+1"]
[Date "2022.07.27"]
[WhiteClock "0:00:44"]
[BlackClock "0:00:03"]

1. Nf3 d5 2. b3 c6 3. Bb2 Nf6 4. g3 Bg4 5. Bg2 Nbd7 6. O-O Bxf3 7. Bxf3 e5 8. d3 Bd6 9. Nd2 O-O 10. e3 Qe7 11. c4 e4 12. dxe4 dxe4 13. Bg2 Rad8 14. Qc2 Rfe8 15. a3 Be5 16. b4 Bxb2 17. Qxb2 Qe5 18. Qxe5 Nxe5 19. Nxe4 Nxe4 20. Bxe4 Nxc4 21. Bg2 Rd2 22. Rfc1 Ne5 23. h4 Red8 24. Bf1 Ng4 25. b5 cxb5 26. Rc7 Nxf2 27. Rxb7 Ng4 28. Bxb5 Nxe3 29. Bc6 h5 30. Rxa7 Rc2 31. Bf3 g6 32. a4 Rdd2 33. a5 Ra2 34. Rxa2 Rxa2 35. a6 Kf8 36. Ra8+ Kg7 37. Bb7 Nf5 38. Bd5 Ra3 39. Ra7 Rxg3+ 40. Kf2 Ra3 41. Rxf7+ Kh6 42. a7 Ra5 43. a8=Q Rxa8 44. Bxa8 Nxh4 45. Be4 g5 46. Kg3 1-0


[Site "https://www.chess.com"]

[Event "Titled Tuesday Blitz July 26 Early 2022"]
[White "Karttunen, Mika"]
[Black "Ismayil, Malak"]
[WhiteFideId "502081"]
[BlackFideId "13412604"]
[WhiteElo "2343"]
[BlackElo "1879"]
[Result "1-0"]
[Round "10"]
[TimeControl "180+1"]
[Date "2022.07.27"]
[WhiteClock "0:00:11"]
[BlackClock "0:00:06"]

1. e4 e5 2. Nf3 Nc6 3. Bb5 a6 4. Ba4 Nf6 5. O-O Be7 6. Re1 b5 7. Bb3 O-O 8. c3 d6 9. h3 h6 10. d4 Re8 11. a4 Bb7 12. Na3 b4 13. cxb4 Nxb4 14. Bxf7+ Kxf7 15. Qb3+ Kf8 16. Qxb4 Bxe4 17. Qc3 Bxf3 18. Qxf3 exd4 19. Nc4 c5 20. Bf4 Rb8 21. Re6 Qd7 22. Rae1 Rbd8 23. a5 Qb5 24. b3 Kf7 25. Bxd6 Rd7 26. Bxe7 Rexe7 27. Rxe7+ Rxe7 28. Nd6+ Kg8 29. Nxb5 Rxe1+ 30. Kh2 axb5 31. a6 Ra1 32. Qb7 d3 33. a7 d2 34. a8=Q+ Rxa8 35. Qxa8+ Kh7 36. Qd8 Ne4 37. f3 c4 38. fxe4 c3 39. Qd3 b4 40. e5+ Kg8 41. Kg3 Kf7 42. Kf4 Ke6 43. Ke4 g5 44. g4 Ke7 45. Kd5 Kf7 46. e6+ Ke7 47. Ke5 Ke8 48. Kf6 h5 49. e7 hxg4 50. Qd8# 1-0


[Site "https://www.chess.com"]

[Event "Titled Tuesday Blitz July 26 Early 2022"]
[White "Korchmar, Vasiliy"]
[Black "Tanaka, Taira Tyler"]
[WhiteFideId "24131750"]
[BlackFideId "7002351"]
[WhiteElo "2370"]
[BlackElo "2514"]
[Result "0-1"]
[Round "10"]
[TimeControl "180+1"]
[Date "2022.07.26"]
[WhiteClock "0:00:04"]
[BlackClock "0:00:26"]

1. e4 c6 2. d4 d5 3. e5 Bf5 4. c4 e6 5. Nc3 Ne7 6. a3 dxc4 7. Bxc4 Nd5 8. Nge2 Nd7 9. Ng3 Bg6 10. O-O Be7 11. f4 N7b6 12. Ba2 O-O 13. f5 exf5 14. Nxf5 Bg5 15. Nd6 Ne3 16. Bxe3 Bxe3+ 17. Kh1 Qh4 18. Ne2 Nd5 19. Bxd5 cxd5 20. Qb3 Bxd4 21. Rf4 Qh5 22. Nxd4 Qxe5 23. Rf5 Qxd6 24. Rxd5 Qc7 25. Nb5 Qc6 26. Nd6 Rad8 27. Rad1 Bc2 28. Nf5 Bxd1 29. Rxd8 Rxd8 30. Ne7+ Kf8 31. Nxc6 Bxb3 32. Nxd8 Bd5 0-1


[Site "https://www.chess.com"]

[Event "Titled Tuesday Blitz July 26 Early 2022"]
[White "Kozlov, Oleg"]
[Black "Todorovic, Bojan"]
[WhiteFideId "4104544"]
[BlackFideId "917087"]
[WhiteElo "2132"]
[BlackElo "2266"]
[Result "0-1"]
[Round "10"]
[TimeControl "180+1"]
[Date "2022.07.27"]
[WhiteClock "0:00:30"]
[BlackClock "0:00:19"]

1. f4 c5 2. Nf3 d6 3. g3 g6 4. Bg2 Bg7 5. O-O Nc6 6. d3 e5 7. e4 Nge7 8. Nc3 O-O 9. fxe5 dxe5 10. Be3 Nd4 11. Qd2 f6 12. Rae1 Be6 13. Rf2 Rf7 14. Qc1 Qa5 15. Bh6 Rd8 16. Bxg7 Kxg7 17. Ref1 Rdf8 18. h3 b5 19. Nd2 b4 20. Nd5 Bxd5 21. exd5 Nef5 22. Ne4 Qb6 23. g4 Nd6 24. Nd2 c4 25. Kh2 c3 26. bxc3 bxc3 27. Ne4 Nxe4 28. dxe4 Qb2 29. Qxb2 cxb2 30. c3 Rb8 31. Rb1 Nb5 32. Rfxb2 Rfb7 33. c4 Nd6 34. Rxb7+ Rxb7 35. Rxb7+ Nxb7 36. Kg1 Kf7 37. Kf2 Ke7 38. Ke3 Kd6 39. Kd3 Kc5 40. Kc3 Nd6 41. Bf1 Nxe4+ 42. Kc2 Nd6 43. Kc3 f5 44. gxf5 gxf5 45. Be2 f4 46. a3 e4 47. Bf1 f3 48. Kd2 Kd4 49. h4 e3+ 50. Ke1 e2 51. Bxe2 fxe2 52. Kxe2 Nxc4 53. Kf3 Kxd5 54. Kg4 Nxa3 55. Kg5 Nc4 56. Kh6 Ne5 57. Kxh7 a5 58. h5 Ng4 59. Kg6 a4 60. Kg5 a3 61. Kxg4 a2 62. h6 a1=Q 63. Kg5 Qh8 64. Kg6 Ke6 65. h7 Ke7 0-1


[Site "https://www.chess.com"]

[Event "Titled Tuesday Blitz July 26 Early 2022"]
[White "Kravtsiv, Martyn"]
[Black "Andreikin, Dmitry"]
[WhiteFideId "14113147"]
[BlackFideId "4158814"]
[WhiteElo "2694"]
[BlackElo "2736"]
[Result "0-1"]
[Round "10"]
[TimeControl "180+1"]
[Date "2022.07.26"]
[WhiteClock "0:00:30"]
[BlackClock "0:00:24"]

1. e4 c5 2. Nf3 e6 3. d4 cxd4 4. Nxd4 Nc6 5. Nc3 a6 6. Be2 Qc7 7. Be3 Nf6 8. O-O Be7 9. f4 d6 10. Kh1 O-O 11. Qe1 Nxd4 12. Bxd4 b5 13. Qg3 Bb7 14. a3 Rad8 15. Rae1 Qd7 16. Bf3 Ne8 17. Ne2 Bf6 18. c3 g6 19. Rd1 Qe7 20. Bb6 Rd7 21. e5 Bg7 22. Bxb7 Rxb7 23. exd6 Nxd6 24. Bc5 Rd8 25. Qf3 Rbd7 26. Qc6 Bf8 27. Qxa6 Qh4 28. Bxd6 Bxd6 29. Qxb5 Bxf4 30. g3 Bxg3 31. Nxg3 Rxd1 32. Rxd1 Rxd1+ 33. Kg2 Rd2+ 34. Kf3 Qf6+ 35. Ke3 Qf2+ 36. Ke4 f5+ 37. Ke5 Rd5+ 0-1


[Site "https://www.chess.com"]

[Event "Titled Tuesday Blitz July 26 Early 2022"]
[White "Kucuksari, Kaan"]
[Black "Amburgy, Ryan"]
[WhiteFideId "6380166"]
[BlackFideId "30924820"]
[WhiteElo "2305"]
[BlackElo "2066"]
[Result "0-1"]
[Round "10"]
[TimeControl "180+1"]
[Date "2022.07.26"]
[WhiteClock "0:00:08"]
[BlackClock "0:00:16"]

1. d4 Nf6 2. c4 e6 3. g3 d5 4. Nf3 Bb4+ 5. Bd2 Bd6 6. Bg2 O-O 7. O-O c6 8. Qb3 a6 9. c5 Bc7 10. Nc3 Nbd7 11. Qc2 e5 12. dxe5 Nxe5 13. Nxe5 Bxe5 14. Na4 Bg4 15. e3 Bh5 16. Bc3 Bg6 17. Qd2 Bc7 18. Bd4 Ne4 19. Qb4 Rb8 20. Nb6 Ng5 21. h4 Ne6 22. Qc3 Nxd4 23. Qxd4 Qe7 24. Rad1 Rfe8 25. a4 Bxb6 26. cxb6 a5 27. Rc1 Ra8 28. Rfe1 Ra6 29. Bf1 Raa8 30. Rc5 Qd8 31. Rc3 Re4 32. Qc5 Rxa4 33. Ra3 Rxa3 34. bxa3 h6 35. Rd1 Qf6 36. Rd4 Be4 37. Bg2 Bxg2 38. Kxg2 Ra6 39. e4 g6 40. exd5 cxd5 41. Qc8+ Kg7 42. Qxb7 Rxb6 43. Qxd5 g5 44. hxg5 hxg5 45. Rg4 Kh6 46. Qxa5 Rb3 47. Qa8 Qf5 48. Qh8+ Kg6 49. Rb4 Qf3+ 50. Kg1 Qd1+ 51. Kh2 Rxb4 52. axb4 Qd2 53. Qg8+ Kf6 54. Qh8+ Kg6 55. Qg8+ Kf6 56. Kg2 Qxb4 57. Qh8+ Ke6 58. Qe8+ Kf6 59. Qc6+ Kg7 60. Qd5 Kg6 61. Qc6+ f6 62. Qe8+ Kg7 63. Qe7+ Qxe7 0-1


[Site "https://www.chess.com"]

[Event "Titled Tuesday Blitz July 26 Early 2022"]
[White "Kupervaser, Erez"]
[Black "Skliarov, Viktor"]
[WhiteFideId "2814587"]
[BlackFideId "14106736"]
[WhiteElo "1832"]
[BlackElo "2257"]
[Result "0-1"]
[Round "10"]
[TimeControl "180+1"]
[Date "2022.07.26"]
[WhiteClock "0:01:42"]
[BlackClock "0:00:57"]

1. e4 c5 2. Nf3 Nc6 3. Bc4 g6 4. c3 Bg7 5. d4 cxd4 6. cxd4 d6 7. O-O Nf6 8. Nc3 O-O 9. h3 e5 10. dxe5 dxe5 11. Bg5 h6 12. Bxf6 Bxf6 13. a3 Nd4 14. Nd5 Bg7 15. b4 Be6 16. Rc1 Rc8 17. Ne3 b5 18. Bxe6 Rxc1 19. Qxc1 Ne2+ 0-1


[Site "https://www.chess.com"]

[Event "Titled Tuesday Blitz July 26 Early 2022"]
[White "Lakshmi C"]
[Black "Jiganchine, Roman"]
[WhiteFideId "25035347"]
[BlackFideId "2603667"]
[WhiteElo "1775"]
[BlackElo "2292"]
[Result "1-0"]
[Round "10"]
[TimeControl "180+1"]
[Date "2022.07.27"]
[WhiteClock "0:00:08"]
[BlackClock "0:00:07"]

1. e4 c6 2. Nc3 d5 3. Nf3 dxe4 4. Nxe4 Nf6 5. Nxf6+ exf6 6. d4 Bd6 7. Bd3 O-O 8. Be3 Bg4 9. Qd2 Na6 10. h3 Bxf3 11. gxf3 Re8 12. c3 Nc7 13. O-O-O b5 14. Rdg1 Nd5 15. Bh6 g6 16. Kb1 Qc7 17. Rg4 Re6 18. Bf5 Re7 19. h4 Kh8 20. Bc2 f5 21. Bxf5 Rae8 22. Bd3 f5 23. Rgg1 Bf4 24. Bxf4 Qxf4 25. Qd1 b4 26. c4 Nf6 27. Bc2 Rd8 28. d5 cxd5 29. c5 d4 30. Qd3 Qe5 31. Qa6 d3 32. Bxd3 Re6 33. Qc4 Rd4 34. Qc2 Qd5 35. Bb5 a6 36. Ba4 Rd2 37. Qc1 Re5 38. Bb3 Qxc5 39. Qxd2 Kg7 40. Rc1 Qe7 41. Rhg1 Re2 42. Qd1 Qe5 43. Rc2 Rxc2 44. Qxc2 Nh5 45. Qc6 a5 46. Qd7+ Kh6 47. Qd8 Nf6 48. Qf8+ Kh5 49. Rg5+ Kxh4 50. Qh6+ Nh5 51. Rg1 Qd4 52. Qg5+ Kh3 53. Rh1# 1-0


[Site "https://www.chess.com"]

[Event "Titled Tuesday Blitz July 26 Early 2022"]
[White "Le, Tuan Minh"]
[Black "Mardov, Dimitar"]
[WhiteFideId "12401153"]
[BlackFideId "30919495"]
[WhiteElo "2530"]
[BlackElo "2185"]
[Result "0-1"]
[Round "10"]
[TimeControl "180+1"]
[Date "2022.07.26"]
[WhiteClock "0:00:03"]
[BlackClock "0:00:29"]

1. d4 Nf6 2. Nf3 e6 3. Bf4 d5 4. e3 Bd6 5. Bg3 O-O 6. c4 c5 7. Nc3 Nc6 8. cxd5 Nxd5 9. Nxd5 exd5 10. Bxd6 Qxd6 11. dxc5 Qxc5 12. Rc1 Qa5+ 13. Qd2 Qxa2 14. Bb5 Bg4 15. Bxc6 Bxf3 16. gxf3 bxc6 17. Rxc6 Rab8 18. Rc2 Qb1+ 19. Qd1 Rxb2 20. Rxb2 Qxb2 21. O-O Rd8 22. Qa4 d4 23. Rd1 d3 24. Qa5 Qf6 25. f4 h6 26. Kf1 a6 27. Qc7 Qh4 28. Rd2 Qh3+ 29. Kg1 Rc8 0-1


[Site "https://www.chess.com"]

[Event "Titled Tuesday Blitz July 26 Early 2022"]
[White "Legenia, Artem"]
[Black "Melikhov, Evgeny V."]
[WhiteFideId "14136945"]
[BlackFideId "4122046"]
[WhiteElo "1936"]
[BlackElo "1995"]
[Result "1/2-1/2"]
[Round "10"]
[TimeControl "180+1"]
[Date "2022.07.27"]
[WhiteClock "0:00:12"]
[BlackClock "0:00:14"]

1. Nf3 f5 2. g3 Nf6 3. Bg2 g6 4. O-O Bg7 5. d3 O-O 6. c3 d6 7. Nbd2 e5 8. e4 f4 9. h3 Nh5 10. g4 Nf6 11. Ne1 h5 12. f3 Nh7 13. Nc2 Bf6 14. d4 Nc6 15. d5 Ne7 16. c4 Bh4 17. Ne1 Bg3 18. Nd3 Kh8 19. b4 Ng8 20. c5 Qh4 21. Nc4 Ng5 22. Qe2 Nxh3+ 23. Bxh3 Qxh3 24. Qg2 Qxg2+ 25. Kxg2 hxg4 26. cxd6 cxd6 27. Nxd6 gxf3+ 28. Kxf3 Nf6 29. Nxe5 Kg7 30. Bb2 Rh8 31. Rh1 Bh3 32. Nef7 Bg4+ 33. Kg2 Rh5 34. Rxh5 gxh5 35. Ne5 Rf8 36. Nxg4 hxg4 37. Nf5+ Kg6 38. Bxf6 Kxf6 39. Rh1 Ke5 40. Nxg3 fxg3 41. Kxg3 Kxe4 42. Rh7 Kxd5 43. Rxb7 Rf3+ 44. Kxg4 Ra3 45. b5 Kc5 46. Kf5 Rxa2 47. Ke6 Ra5 48. Kd7 Rxb5 49. Rxa7 Kb4 50. Kc7 1/2-1/2


[Site "https://www.chess.com"]

[Event "Titled Tuesday Blitz July 26 Early 2022"]
[White "Lehtosaari, Mauri"]
[Black "Peiris, T G M"]
[WhiteFideId "501999"]
[BlackFideId "9901310"]
[WhiteElo "2504"]
[BlackElo "2022"]
[Result "1-0"]
[Round "10"]
[TimeControl "180+1"]
[Date "2022.07.27"]
[WhiteClock "0:00:08"]
[BlackClock "0:00:01"]

1. d4 Nf6 2. Nf3 e6 3. Bg5 Be7 4. e3 b6 5. Bd3 Bb7 6. Nbd2 d6 7. c3 a6 8. O-O Nbd7 9. a4 h6 10. Bxf6 Nxf6 11. e4 c5 12. Qe2 Nd7 13. Nc4 Qc7 14. Rfc1 O-O 15. h3 b5 16. Ne3 c4 17. Bc2 e5 18. Nf5 Rfe8 19. Qe3 Bf8 20. d5 Kh7 21. Nh2 g6 22. Ng3 h5 23. Nf3 Bh6 24. Ng5+ Kg7 25. h4 Nc5 26. Qf3 f6 27. Nh3 Bxc1 28. Rxc1 Bc8 29. Qe3 Bg4 30. Bd1 Qd7 31. Bxg4 hxg4 32. h5 gxh3 33. hxg6 Kxg6 34. Nf5 Rh8 35. gxh3 Rag8 36. Kh2 Kf7 37. Rg1 Rxg1 38. Kxg1 Nd3 39. Kh2 Nf4 40. h4 Qd8 41. Qg3 Qg8 42. Nxd6+ Kf8 43. Qxg8+ Rxg8 44. axb5 axb5 45. Nxb5 Rg2+ 46. Kh1 Rxf2 47. Nd6 Nd3 48. Nxc4 Ne1 49. Kg1 Rf4 50. Nd6 Nd3 51. b4 Ke7 52. Nf5+ Kd7 53. Ng3 Rxh4 54. Kg2 Rf4 55. Nh5 Rg4+ 56. Kf3 Rg6 57. Ke3 Nf4 58. Nxf4 exf4+ 59. Kxf4 Kd6 60. Kf5 Rh6 61. c4 Kd7 62. c5 Rh4 63. b5 Rh2 64. b6 Rb2 65. c6+ Kd6 66. b7 Kc7 67. Kxf6 Rd2 68. Ke6 Rd4 69. e5 Rh4 70. d6+ Kb8 71. d7 Rh8 72. Kd6 Rh6+ 73. e6 Ka7 74. d8=Q 1-0


[Site "https://www.chess.com"]

[Event "Titled Tuesday Blitz July 26 Early 2022"]
[White "Leve, Nitai"]
[Black "Mikhailovsky, Vladimir"]
[WhiteFideId "2006898"]
[BlackFideId "34105414"]
[WhiteElo "2144"]
[BlackElo "2303"]
[Result "0-1"]
[Round "10"]
[TimeControl "180+1"]
[Date "2022.07.27"]
[WhiteClock "0:00:02"]
[BlackClock "0:00:57"]

1. e4 e5 2. Nf3 d5 3. exd5 e4 4. Qe2 Nf6 5. Nc3 Be7 6. Nxe4 O-O 7. d3 Nxd5 8. Qd2 Re8 9. Be2 f5 10. Ng3 Nc6 11. O-O Bf6 12. d4 f4 13. Nh5 Bg4 14. Nxf6+ Qxf6 15. c3 Rad8 16. Qd3 Bf5 17. Qd1 g5 18. Ne1 Qe6 19. Bd3 Nf6 20. Nf3 h6 21. Re1 Qd7 22. Bxf5 Qxf5 23. Bd2 Ne4 24. Qb3+ Kg7 25. Re2 g4 26. Nh4 Qf6 27. g3 f3 28. Rxe4 Rxe4 0-1


[Site "https://www.chess.com"]

[Event "Titled Tuesday Blitz July 26 Early 2022"]
[White "Lewtak, Damian"]
[Black "Munkhgal, Gombosuren"]
[WhiteFideId "1141724"]
[BlackFideId "4901266"]
[WhiteElo "2359"]
[BlackElo "2576"]
[Result "0-1"]
[Round "10"]
[TimeControl "180+1"]
[Date "2022.07.26"]
[WhiteClock "0:00:54"]
[BlackClock "0:01:06"]

1. e4 d6 2. Nc3 Nf6 3. d4 g6 4. f4 Bg7 5. e5 Nfd7 6. Nf3 c5 7. exd6 O-O 8. dxc5 Nxc5 9. Be2 exd6 10. O-O Re8 11. Nd5 Be6 12. c4 Bxd5 13. cxd5 Qb6 14. Kh1 Ne4 15. Qe1 Na6 16. Bxa6 Qxa6 17. Be3 Bxb2 18. Rb1 Bc3 19. Qh4 Bf6 20. Qh3 Nc3 21. Bd4 Nxb1 22. Rxb1 Qd3 23. Bxf6 Qxb1+ 24. Ng1 Re1 25. Bd4 Rae8 26. Qc3 Rc1 27. Qa5 a6 28. h3 Rxg1+ 29. Bxg1 Re1 0-1


[Site "https://www.chess.com"]

[Event "Titled Tuesday Blitz July 26 Early 2022"]
[White "Ljukin, Sergei"]
[Black "Lopez Del Alamo, Antonio"]
[WhiteFideId "14102200"]
[BlackFideId "2227339"]
[WhiteElo "2312"]
[BlackElo "2079"]
[Result "0-1"]
[Round "10"]
[TimeControl "180+1"]
[Date "2022.07.27"]
[WhiteClock "0:00:01"]
[BlackClock "0:00:20"]

1. e4 c5 2. Nf3 e6 3. d4 cxd4 4. Nxd4 Nf6 5. Nc3 Nc6 6. Nxc6 bxc6 7. e5 Nd5 8. Ne4 Bb7 9. Be2 c5 10. O-O Qc7 11. f4 c4 12. Qd4 Rc8 13. Bf3 Be7 14. Nd6+ Bxd6 15. exd6 Qc5 16. Qxc5 Rxc5 17. c3 O-O 18. Rd1 f5 19. Rd4 Rfc8 20. Bd2 Rb5 21. b4 cxb3 22. c4 bxa2 23. Rxa2 Rb1+ 24. Kf2 Nf6 25. Rxa7 Bxf3 26. gxf3 Rcb8 27. c5 Rc8 28. Rc7 Rbb8 29. c6 dxc6 30. Ba5 Rd8 31. d7 Kf7 32. Ra7 c5 33. Rd2 Ke7 34. Bxd8+ Rxd8 35. Rc7 Rxd7 36. Rcxd7+ Nxd7 37. Ke2 Nf6 38. Rc2 Kd6 39. Rc4 Nd5 40. Kd3 h6 0-1


[Site "https://www.chess.com"]

[Event "Titled Tuesday Blitz July 26 Early 2022"]
[White "Lubbe, Nikolas"]
[Black "Pranav, V"]
[WhiteFideId "4694031"]
[BlackFideId "25060783"]
[WhiteElo "2447"]
[BlackElo "2380"]
[Result "1-0"]
[Round "10"]
[TimeControl "180+1"]
[Date "2022.07.26"]
[WhiteClock "0:00:31"]
[BlackClock "0:01:08"]

1. d4 Nf6 2. Nc3 c5 3. d5 d6 4. e4 Nbd7 5. Nf3 Rb8 6. a4 g6 7. Be2 Bg7 8. O-O O-O 9. h3 b6 10. Bf4 a6 11. Re1 b5 12. axb5 axb5 13. Bxb5 Nh5 14. Bxd7 Nxf4 15. Bxc8 Qxc8 16. Rb1 Rxb2 17. Rxb2 Bxc3 18. Rb3 Bxe1 19. Qxe1 Qa6 20. Qe3 Nh5 21. Kh2 Qa2 22. Qc3 Nf6 23. Nd2 Qa6 24. Qd3 Qa1 25. f4 h5 26. Rb1 Qa4 27. c4 Qa2 28. e5 Nh7 29. Nf3 Ra8 30. Rb7 Qf2 31. Qd2 Qf1 32. Rxe7 Qxc4 33. exd6 Ra2 34. Qxa2 Qxa2 35. d7 Kg7 36. d8=Q Qa4 37. Qd6 Nf6 38. Qe5 Qa2 39. Ng5 Qxd5 40. Rxf7+ Qxf7 41. Nxf7 Kxf7 42. Qxc5 h4 43. Qg5 Nh5 44. Qxh4 1-0


[Site "https://www.chess.com"]

[Event "Titled Tuesday Blitz July 26 Early 2022"]
[White "Madaminov, Mukhiddin"]
[Black "Shohat, Yotam"]
[WhiteFideId "14210703"]
[BlackFideId "2813955"]
[WhiteElo "2011"]
[BlackElo "2119"]
[Result "0-1"]
[Round "10"]
[TimeControl "180+1"]
[Date "2022.07.26"]
[WhiteClock "0:00:01"]
[BlackClock "0:00:03"]

1. d4 Nf6 2. Nc3 d5 3. Bf4 g6 4. h4 Bg7 5. e3 O-O 6. h5 c5 7. hxg6 fxg6 8. dxc5 Nc6 9. Nf3 Qa5 10. Qd2 Qxc5 11. Bh6 e5 12. O-O-O Be6 13. Bxg7 Kxg7 14. Ng5 Bg8 15. a3 Rab8 16. Bd3 h6 17. Nh3 b5 18. Na2 a5 19. Kb1 b4 20. axb4 axb4 21. Nc1 Ra8 22. Nb3 Qa7 23. Qe2 Rfc8 24. Kc1 Qa2 25. Kd2 Qxb2 26. Ke1 Ne7 27. f3 e4 28. Nd4 exd3 29. Qxd3 Qc3+ 30. Qxc3 Rxc3 31. Kd2 Nc6 32. Ne2 Rc5 33. Nhf4 Ra2 34. Rc1 b3 35. Nc3 Rxc2+ 36. Rxc2 bxc2 37. Nd3 Rc4 38. Nb2 Rb4 39. Nd3 Rb8 40. Kxc2 d4 41. exd4 Nxd4+ 42. Kd2 Bc4 43. Ne5 Rb2+ 44. Ke3 Nf5+ 45. Kf4 Be6 46. Ne4 g5+ 47. Nxg5 hxg5+ 48. Kxg5 Rxg2+ 49. Kf4 Nd5+ 50. Ke4 Re2+ 51. Kd3 Rxe5 52. f4 Re3+ 53. Kd2 Kf6 54. Rh8 Nxf4 55. Rf8+ Ke5 56. Ra8 Rd3+ 57. Kc2 Nd4+ 58. Kb2 Rb3+ 59. Kc1 Rh3 0-1


[Site "https://www.chess.com"]

[Event "Titled Tuesday Blitz July 26 Early 2022"]
[White "Makovec, Bruno"]
[Black "Vlassov, Nikolai"]
[WhiteFideId "14536331"]
[BlackFideId "4103360"]
[WhiteElo "2316"]
[BlackElo "2324"]
[Result "1-0"]
[Round "10"]
[TimeControl "180+1"]
[Date "2022.07.26"]
[WhiteClock "0:00:54"]
[BlackClock "0:00:08"]

1. d4 Nf6 2. c4 Nc6 3. Nf3 e6 4. e3 Bb4+ 5. Nbd2 a5 6. Bd3 d6 7. O-O e5 8. dxe5 dxe5 9. Ne4 Bg4 10. Nxf6+ Qxf6 11. Be4 O-O 12. h3 Bh5 13. Qc2 Kh8 14. Bd2 Rad8 15. Bxb4 Nxb4 16. Qc3 Bxf3 17. Bxf3 Rd3 18. Qc1 b6 19. Be4 Rd7 20. Qc3 Rfd8 21. a3 Na6 22. b4 axb4 23. axb4 Nb8 24. Ra8 g6 25. Qa1 Kg7 26. Qa7 c5 27. Qa4 cxb4 28. Qxb4 Rd1 29. Bd5 Rxf1+ 30. Kxf1 e4 31. Kg1 Qe5 32. Qxb6 Rc8 33. Ra7 Rf8 34. Qd4 Qxd4 35. exd4 Kf6 36. Bxe4 Re8 37. Bf3 Ke6 38. Bd5+ Kd6 39. Rxf7 Re1+ 40. Kh2 Nd7 41. Rxh7 Nf6 42. Rg7 Nxd5 43. cxd5 Kxd5 44. Rxg6 Kxd4 45. Rg8 Kd5 46. Rd8+ Kc6 47. h4 Rd1 48. Rxd1 1-0


[Site "https://www.chess.com"]

[Event "Titled Tuesday Blitz July 26 Early 2022"]
[White "Maksimovic, Bojan"]
[Black "Bortnyk, Olexandr"]
[WhiteFideId "14408120"]
[BlackFideId "14120828"]
[WhiteElo "2453"]
[BlackElo "2723"]
[Result "0-1"]
[Round "10"]
[TimeControl "180+1"]
[Date "2022.07.26"]
[WhiteClock "0:00:01"]
[BlackClock "0:00:16"]

1. e4 d6 2. Nf3 Nf6 3. Nc3 e5 4. d4 Nbd7 5. Bc4 Be7 6. O-O c6 7. Re1 h6 8. a4 Qc7 9. Be3 Ng4 10. Bc1 Ngf6 11. Be3 Ng4 12. Bc1 Nf8 13. h3 Nf6 14. a5 g5 15. d5 Ng6 16. Be2 cxd5 17. Bb5+ Kf8 18. Nxd5 Nxd5 19. exd5 a6 20. Bf1 Kg7 21. c4 g4 22. hxg4 Bxg4 23. Qd3 Rag8 24. Nh2 Bd7 25. b4 Kf8 26. Ra3 h5 27. Kh1 h4 28. Qf3 Qd8 29. Bd3 Bg5 30. Bxg6 Rxg6 31. c5 Bxc1 32. Rxc1 Qg5 33. Rg1 h3 34. g3 Rh4 35. c6 bxc6 36. dxc6 Bf5 37. Re1 Be4 38. Rxe4 Qc1+ 39. Nf1 Rxe4 40. Qxe4 Qxf1+ 41. Kh2 Qxf2+ 42. Kxh3 Qf1+ 43. Kh4 Qc1 44. Ra2 Qh6# 0-1


[Site "https://www.chess.com"]

[Event "Titled Tuesday Blitz July 26 Early 2022"]
[White "Manukian, Artak"]
[Black "Mitrovic, Darko R"]
[WhiteFideId "13301373"]
[BlackFideId "927023"]
[WhiteElo "2313"]
[BlackElo "2150"]
[Result "1-0"]
[Round "10"]
[TimeControl "180+1"]
[Date "2022.07.27"]
[WhiteClock "0:00:20"]
[BlackClock "0:00:04"]

1. e4 e6 2. d4 d5 3. e5 c5 4. c3 Bd7 5. Nf3 Qb6 6. a3 Bb5 7. c4 dxc4 8. Nc3 Nc6 9. d5 exd5 10. Nxd5 Qa5+ 11. Bd2 Qd8 12. Bf4 Nge7 13. Nc3 Ba6 14. Qa4 Ng6 15. Bg3 Be7 16. h4 Qa5 17. Qxa5 Nxa5 18. h5 Nf8 19. h6 gxh6 20. Rd1 Ne6 21. Ne4 Rd8 22. Nd6+ Bxd6 23. exd6 Nc6 24. Rxh6 O-O 25. Ne5 Nxe5 26. Bxe5 f6 27. Rxf6 Rxf6 28. Bxf6 Rd7 29. g3 b5 30. Bh3 Kf7 31. Be7 Bc8 32. Rd5 Rxe7 33. dxe7 Kxe7 34. Bxe6 Bxe6 35. Rxc5 a6 36. Rc7+ Bd7 37. Kd2 a5 38. Ra7 a4 39. Kc3 Kd6 40. Ra6+ Bc6 41. Kd4 h5 42. f4 Kc7 43. Kc5 Bd7 44. Rh6 Bg4 45. Kxb5 Be2 46. Kb4 Kd7 47. Kxa4 Ke7 48. Kb4 Kf7 49. a4 Ke7 50. a5 Kd7 51. Kc5 Kc7 52. Rh7+ Kb8 53. Kb6 Kc8 54. a6 Kd8 55. a7 Bf3 56. Rh8+ Ke7 57. a8=Q Bxa8 58. Rxa8 Ke6 59. Rh8 Kf5 60. Rxh5+ Kg4 61. Rg5+ Kf3 62. f5 Ke4 63. f6 Kd3 64. f7 Kc2 65. f8=Q Kxb2 66. Qb4+ Kc2 67. Rc5 Kd3 68. Rxc4 Ke3 69. Qb3+ Kd2 70. Rc2+ 1-0


[Site "https://www.chess.com"]

[Event "Titled Tuesday Blitz July 26 Early 2022"]
[White "Manukyan, Sargis A."]
[Black "Fajdetic, Hrvoje"]
[WhiteFideId "13303970"]
[BlackFideId "14501945"]
[WhiteElo "2187"]
[BlackElo "2172"]
[Result "1-0"]
[Round "10"]
[TimeControl "180+1"]
[Date "2022.07.27"]
[WhiteClock "0:00:17"]
[BlackClock "0:00:05"]

1. c4 f5 2. Nc3 Nf6 3. d4 e6 4. Nf3 Bb4 5. Bd2 b6 6. g3 Bb7 7. Bg2 O-O 8. O-O d6 9. d5 Bxc3 10. Bxc3 e5 11. Ng5 Qe7 12. Ne6 Rf7 13. f4 e4 14. h3 a5 15. a3 a4 16. e3 Na6 17. Qxa4 Nc5 18. Qd1 Nxe6 19. dxe6 Qxe6 20. b3 Rd7 21. Qe2 b5 22. g4 bxc4 23. g5 Nd5 24. Qxc4 Ba6 25. Qc6 Rb8 26. Bd4 Bxf1 27. Bxf1 Ne7 28. Qc2 Qxb3 29. Bc4+ Qxc4 30. Qxc4+ d5 31. Qc5 c6 32. a4 h6 33. gxh6 gxh6 34. Ra2 Rdb7 35. Rg2+ Kf8 36. Qd6 Rb1+ 37. Kh2 R8b2 38. Bf6 Rxg2+ 39. Kxg2 Rb7 40. Qd8+ Kf7 41. Bxe7 Rxe7 42. Qc8 d4 43. Qxf5+ Ke8 44. exd4 e3 45. Kf1 e2+ 46. Ke1 Rf7 47. Qe6+ Re7 48. Qxc6+ Kf7 49. Qf3 1-0


[Site "https://www.chess.com"]